 Dungeon Crawl Stone Soup version 0.28-a0-691-gad6df49e81 (webtiles) character file.

Game seed: 7041546296089688609

6748 lunkers the Thaumaturge (level 11, -4/85 HPs)
             Began as a Djinni Cinder Acolyte on Oct 21, 2021.
             Was a High Priest of Ignis.
             Slain by a two-headed ogre (34 damage)
             ... on level 10 of the Dungeon.
             The game lasted 00:21:12 (13479 turns).

lunkers the Thaumaturge (Djinni Cinder Acolyte)    Turns: 13479, Time: 00:21:13

Health: -4/85      AC:  8    Str: 13    XL:     11   Next: 24%
Gold:   510        EV: 14    Int: 18    God:    Ignis [*****.] SH:  0 Dex: 10

rFire   + + +      SeeInvis .   o - +2 trident (venom)
rCold   x . .      Faith    .   (no shield)
rNeg    . . .      Spirit   .   n - +0 acid dragon scales
rPois   ∞          Reflect  .   i - +0 helmet
rElec   .          Harm     .   w - +0 cloak
rCorr   +          Rampage  .   (no gloves)
Will    +....                   (boots unavailable)
Stlth   +.........              (no amulet)
HPRegen 0.24/turn               c - +4 ring of evasion
MPRegen 0.00/turn               m - ring of resist corrosion

@: flying
A: sickness immunity, fire resistance 2, cold vulnerability 1, float, innate
caster, hp casting, extra vitality 1
a: Renounce Religion, Sea of Fire, Foxfire Swarm, Rising Flame


You were on level 10 of the Dungeon.
You worshipped Ignis.
Ignis was extremely pleased with you.
You visited 1 branch of the dungeon, and saw 10 of its levels.
You also visited: Sewer.

You collected 510 gold pieces.

Inventory:

Hand Weapons
 a - a -1 short sword of flaming
 o - a +2 trident of venom (weapon)
 u - a +2 dagger of flaming
Missiles
 r - a curare-tipped dart
 A - a throwing net
Armour
 i - a +0 helmet (worn)
 j - a scarf of shadows
 l - the +2 helmet "Wyubrif" {Rampage rElec Str-4}
   (You found it on level 6 of the Dungeon)

   Str:       It affects your strength (-4).
   rElec:     It insulates you from electricity.
   Rampage:   It bestows one free step when moving towards enemies.
 n - +0 acid dragon scales (worn)
 p - a +1 ring mail
 w - a +0 cloak (worn)
 z - +0 steam dragon scales
Jewellery
 c - a +4 ring of evasion (left hand)
 m - a ring of resist corrosion (right hand)
Wands
 d - a wand of flame (25)
 h - a wand of paralysis (7)
 v - a wand of polymorph (15)
Scrolls
 b - 3 scrolls of teleportation
 s - a scroll of enchant armour
 y - a scroll of enchant weapon
 C - a scroll of identify
Potions
 e - a potion of heal wounds
 f - a potion of lignification
 g - a potion of brilliance
 k - a potion of ambrosia
 q - 4 potions of curing
 t - a potion of attraction
 x - a potion of might
 B - a potion of berserk rage


   Skills:
 + Level 10.1 Fighting
 - Level 2.6 Short Blades
 * Level 10.7 Spellcasting


You had 16 spell levels left.
You knew the following spells:

 Your Spells              Type           Power      Damage    Failure   Level
a - Shock                 Conj/Air       100%       1d9       1%          1
b - Corpse Rot            Necr/Air       96%        N/A       1%          2
c - Blink                 Tloc           N/A        N/A       1%          2
d - Petrify               Tmut/Erth      48%        N/A       1%          4
e - Iskenderun's Mystic   Conj/Tloc      48%        2d11      1%          4
p - Scorch                Fire           96%        2d9       1%          2
Your spell library was empty.

Dungeon Overview and Level Annotations

Branches:
Dungeon (10/15)            Temple (0/1) D:4            Lair (0/6) D:10
    Orc (0/2) D:9           Sewer (visited)

Altars:
Ashenzari
Dithmenos
Elyvilon
Fedhas
Gozag
Kikubaaqudgha
Okawaru
Sif Muna
Trog
Wu Jian
Zin

Shops:
D:7 *


Innate Abilities, Weirdness & Mutations

You are immune to sickness and miasma.
You are immune to poison.
Your flesh is very heat resistant. (rF++)
You are vulnerable to cold. (rC-)
You float through the air rather than walking.
You learn spells naturally, not from books.
Your magical power is your life essence.
You have superior vitality. (+4 HP)


Message History

The two-headed ogre's fire resistance burns away.
The yak gores you but does no damage.
Casting: Scorch (safe; 1% risk of failure)
Press: ? - help, Q - select action, (/) - cycle Dir - look around, f - activate Flames lash the two-headed ogre.
The two-headed ogre is burned terribly!
The two-headed ogre is severely wounded.
The yak is no longer more vulnerable to fire.
The two-headed ogre closely misses you. x2; The yak gores you.
* * * LOW HITPOINT WARNING * * *
Found 6 arrows.
The two-headed ogre is no longer more vulnerable to fire.
There is a stone staircase leading up here.
You see here an amulet of faith.
Things that are here:
a +0 dire flail; a +0 plate armour; an orc skeleton
Casting: Scorch (safe; 1% risk of failure)
Press: ? - help, Q - select action, (/) - cycle Dir - look around, f - activate Flames lash the yak but do no damage.
Casting: Scorch (safe; 1% risk of failure)
Press: ? - help, Q - select action, (/) - cycle Dir - look around, f - activate Flames lash the yak.
You kill the yak!
Unknown command.
Casting: Scorch (safe; 1% risk of failure)
Press: ? - help, Q - select action, (/) - cycle Dir - look around, f - activate Flames lash the two-headed ogre.
The two-headed ogre is severely wounded.
The two-headed ogre's fire resistance burns away.
* * * LOW HITPOINT WARNING * * *
The two-headed ogre hits you with a +0 giant spiked club!!
* * * LOW HITPOINT WARNING * * *
The two-headed ogre hits you with a +0 giant spiked club.
* * * LOW HITPOINT WARNING * * *
Casting: Scorch (safe; 1% risk of failure)
Press: ? - help, Q - select action, (/) - cycle Dir - look around, f - activate Flames lash the two-headed ogre.
The two-headed ogre is burned terribly!
The two-headed ogre is almost dead.
* * * LOW HITPOINT WARNING * * *
The two-headed ogre hits you with a +0 giant spiked club!!
You die...

.##'##...# #........######.
.#(((#...####..§.....#
.#(..#.........§§....#
.##+##......§§§§§§...#
.........####§§####..#
.........# #8§# #O.#
........># #§§# #".#
.....)...####§§####..######
.......†....§§§§@O........#
.............§§...........#
.....#####...§§§..........#
.....# #................#
.....#
#................####
.....#
#...................#
...>.#
#...................#
.....#
#...................#
.....#
#...................#


You could see a two-headed ogre (combustible).

Vanquished Creatures
  Pikel (D:7)
  A cyclops (D:9)
  2 vampires
  Sigmund (D:3)
  A wyvern (D:8)
  7 yaks
  Menkaure (D:7)
  A steam dragon (D:8)
  2 wargs (D:9)
  An acid dragon (D:10)
  Duvessa (D:7)
  2 orc warriors
  2 ice beasts (D:6)
  A sky beast (D:5)
  5 ogres
  3 necrophages
  A centaur (D:5)
  3 lemures (D:7)
  2 kobold brigands
  3 bullfrogs
  A gnoll sergeant (D:9)
  3 scorpions
  A water moccasin zombie (D:5)
  Dowan (D:7)
  A wyvern zombie (D:7)
  4 wights (D:8)
  4 killer bees (D:8)
  A centaur zombie (D:8)
  4 jellies
  7 orc priests
  Crazy Yiuf (D:7)
  3 hounds
  Ijyb (D:3)
  A bullfrog skeleton (D:7)
  A centaur skeleton (D:7)
  3 iguanas (D:5)
  14 orc wizards
  A hound zombie (D:5)
  Robin (D:3)
  4 howler monkey zombies
  5 gnolls (D:9)
  10 adders
  A river rat (Sewer)
  3 white imps
  3 dart slugs
  44 orcs
  4 endoplasms
  2 giant cockroaches (D:1)
  7 goblins
  10 hobgoblins
  4 jackals (D:5)
  14 kobolds
  4 quokkas
  3 ball pythons
  7 bats
  A frilled lizard (D:1)
  11 rats
231 creatures vanquished.

Vanquished Creatures (others)
  A human (D:8)
  8 plants (D:5)
9 creatures vanquished.

Grand Total: 240 creatures vanquished

Notes
Turn   | Place    | Note
-------+----------+-------------------------------------------
     0 | D:1      | lunkers the Djinni Cinder Acolyte began the quest for the
                  | Orb.
     0 | D:1      | Reached XP level 1. HP: 20/20 MP: 0/0
    86 | D:1      | Reached XP level 2. HP: 18/25 MP: 0/0
   471 | D:1      | Found a faded altar of an unknown god.
   745 | D:2      | Reached XP level 3. HP: 14/30 MP: 0/0
   745 | D:2      | Learned a level 1 spell: Shock
  1342 | D:2      | Reached XP level 4. HP: 24/35 MP: 0/0
  2219 | D:3      | You are sucked into a shaft and drop 1 floor!
  2316 | D:4      | Noticed an ogre
  2321 | D:4      | Killed an ogre
  2322 | D:4      | Reached XP level 5. HP: 35/41 MP: 0/0
  2322 | D:4      | Learned a level 2 spell: Corpse Rot
  2516 | D:3      | Reached XP level 6. HP: 35/48 MP: 0/0
  2672 | D:3      | Found a glowing drain.
  2800 | Sewer    | Entered a sewer
  3007 | Sewer    | Reached XP level 7. HP: 39/53 MP: 0/0
  3007 | Sewer    | Learned a level 2 spell: Blink
  3134 | Sewer    | Found a white marble altar of Elyvilon.
  3280 | D:3      | Noticed Ijyb
  3285 | D:3      | Killed Ijyb
  3881 | D:3      | Noticed Sigmund
  3888 | D:3      | Killed Sigmund
  3889 | D:3      | Reached skill level 5 in Fighting
  3889 | D:3      | Reached skill level 5 in Spellcasting
  4042 | D:3      | Found an iron altar of Okawaru.
  4166 | D:3      | Noticed Robin
  4169 | D:3      | Killed Robin
  4257 | D:3      | Found an opulent altar of Gozag.
  4571 | D:4      | Found a staircase to the Ecumenical Temple.
  4939 | D:4      | Reached XP level 8. HP: 42/60 MP: 0/0
  5462 | D:4      | Found a white marble altar of Elyvilon.
  5898 | D:5      | Entered Level 5 of the Dungeon
  6945 | D:5      | Reached XP level 9. HP: 63/67 MP: 0/0
  6945 | D:5      | Learned a level 4 spell: Petrify
  7846 | D:6      | Found a glowing silver altar of Zin.
  8145 | D:6      | Identified the +2 helmet "Wyubrif" {Rampage rElec Str-4}
  8243 | D:6      | Found a shadowy altar of Dithmenos.
  8963 | D:7      | Noticed Pikel
  9127 | D:7      | Killed Pikel
  9253 | D:7      | Reached XP level 10. HP: 73/76 MP: 0/0
  9272 | D:7      | Found a broken altar of Ashenzari.
  9707 | D:7      | Found a runed translucent door.
  9708 | D:7      | Noticed Crazy Yiuf
  9790 | D:7      | Found Zolein's Assorted Antiques.
  9792 | D:7      | Identified the +4 robe of Abstinence {Archmagi}
  9842 | D:7      | Noticed Menkaure
  9845 | D:7      | Killed Menkaure
  9969 | D:7      | Found an ornate altar of the Wu Jian Council.
 10053 | D:7      | Noticed Dowan
 10055 | D:7      | Noticed Duvessa
 10062 | D:7      | Killed Duvessa
 10063 | D:7      | Killed Dowan
 10352 | D:7      | Killed Crazy Yiuf
 11498 | D:9      | Noticed a cyclops
 11503 | D:9      | Killed a cyclops
 11855 | D:9      | Reached skill level 10 in Spellcasting
 11902 | D:9      | Found a staircase to the Orcish Mines.
 12290 | D:9      | Found a blossoming altar of Fedhas.
 12291 | D:9      | Found a bloodstained altar of Trog.
 12483 | D:9      | Reached XP level 11. HP: 69/84 MP: 0/0
 12483 | D:9      | Learned a level 4 spell: Iskenderun's Mystic Blast
 12787 | D:10     | Entered Level 10 of the Dungeon
 13223 | D:10     | Found a staircase to the Lair.
 13389 | D:10     | Reached skill level 10 in Fighting
 13434 | D:10     | Noticed a two-headed ogre
 13479 | D:10     | Slain by a two-headed ogre

Illustrated notes

Levels and vault maps discovered:
D:1:      psy_arrival_dodecagon, layout_rooms,
          shapermc_ecumenical_altar_mp_highgroup, hangedman_abyss_or_decor_stabs
D:2:      layout_basic, kennysheep_generic_room_14
D:3:      layout_loops_corners, marbit_many_paths, mainiacjoe_overflow_alcove_1,
          lightli_sewer_entry_pipes, chequers_serial_rivers_small_3,
          chequers_big_river, uniq_ijyb, uniq_sigmund, uniq_robin
D:4:      layout_layer_cave, lemuel_doored_altar,
          minmay_temple_entry_glassed_door
D:5:      layout_basic, mainiacjoe_overflow_cross_hatched,
          nicolae_ossuary_entry_monument
D:6:      layout_rooms, mainiacjoe_overflow_surrounded_room, zin_scriptorium,
          serial_glass, glass_columns_a, glass_columns_a
D:7:      layout_basic, cheibrodos_ashenzari_chains,
          nicolae_wu_jian_wuxing_cycle, serial_shops, shop_statue,
          minmay_misc_feat_doors, uniq_menkaure, uniq_duvessa,
          uniq_crazy_yiuf_cottage, uniq_pikel
D:8:      layout_rooms, tgw_kikubaaqudgha
D:9:      layout_roguey, mainiacjoe_overflow_catwalk_spiral, david_orc_3,
          kennysheep_potato
D:10:     layout_small_grid, doesnt_xom_only_xom, lair_entry_dummy,
          enter_trove_3, hex_large, hangedman_decor_push,
          statue_in_the_mist_lemuel, minmay_unpleasant_kobolds

Skill      XL: |  1  2  3  4  5  6  7  8  9 10 11 |
---------------+----------------------------------+-----
Spellcasting   | 3 4 5 7 8 10 | 10.7
Fighting       | 4 5 6 8 9 10 | 10.1
Short Blades   | |  2.6

Action                   |  1- 3 |  4- 6 |  7- 9 | 10-12 || total
-------------------------+-------+-------+-------+-------++-------
Melee: Short sword       |    72 |       |       |       ||    72
       Trident           |       |     1 |     3 |       ||     4
 Cast: Scorch            |    12 |    56 |   198 |   207 ||   473
       Shock             |     5 |       |       |       ||     5
Evoke: Wand              |       |       |       |     4 ||     4
  Use: Scroll            |       |     2 |    11 |     5 ||    18
Armor: Robe              |    11 |       |       |       ||    11
       Ring mail         |       |     1 |    16 |     9 ||    26
       Steam dragon scal |       |       |       |     8 ||     8
       Acid dragon scale |       |       |       |     1 ||     1
Dodge: Dodged            |    63 |    11 |    45 |    56 ||   175

Table legend: (Time is in decaauts)
 A = Elapsed time spent in this place.
 B = Non-inter-level travel time spent in this place.
 C = Inter-level travel time spent in this place.
 D = Time resting spent in this place.
 E = Time spent auto-exploring this place.
 F = Levels seen in this place.
 G = Mean time per level.
                   A        B        C        D        E       F      G
               +--------+--------+--------+--------+--------+-----+--------+
         Total |  13478 |  13237 |    241 |    542 |  11109 |  11 | 1225.3 |
       Dungeon |  13061 |  12820 |    241 |    403 |  10926 |  10 | 1306.1 |
         Sewer |    416 |    416 |      0 |    139 |    183 |   1 |  416.0 |
               +--------+--------+--------+--------+--------+-----+--------+

Top non-repeatable levels by time:
     D:4: 1860 daAuts
     D:9: 1790 daAuts
     D:7: 1711 daAuts
     D:5: 1660 daAuts
     D:3: 1508 daAuts
     D:2: 1386 daAuts
     D:6: 1247 daAuts
     D:8: 810 daAuts
     D:1: 725 daAuts
   Sewer: 416 daAuts
    D:10: 359 daAuts
